 Dungeon Crawl Stone Soup version 0.30-a0-748-ge6a52f7cba (webtiles) character file.

Game seed: 5893814831911706810

72 Newt the Shooter (level 4, -19/30 HPs)
             Began as a Kobold Hunter on Feb 8, 2023.
             Demolished by an ogre
             ... wielding a +0 giant club
              (33 damage)
             ... on level 2 of the Dungeon.
             The game lasted 00:01:11 (1546 turns).

Newt the Shooter (Kobold Hunter)                    Turns: 1546, Time: 00:01:12

Health: -19/30     AC:  4    Str:  8    XL:     4   Next: 50%
Magic:  4/4        EV: 14    Int: 10    God:
Gold:   97         SH:  0    Dex: 20    Spells: 3/3 levels left

rFire   . . .      SeeInvis .    a - +0 shortbow
rCold   + . .      Faith    .    (shield currently unavailable)
rNeg    + . .      Spirit   .    c - +1 leather armour
rPois   .          Reflect  .    (no helmet)
rElec   .          Harm     .    (no cloak)
rCorr   .          Rampage  .    (no gloves)
Will    .....                    (no boots)
Stlth   +++                      (no amulet)
HPRegen 0.25/turn                d - ring of protection from cold
MPRegen 0.09/turn                i - ring of positive energy

@: no status effects
A: small, no large weapons, nightstalker 3
a: no special abilities


You were on level 2 of the Dungeon.
You visited 1 branch of the dungeon, and saw 2 of its levels.

You collected 97 gold pieces.

Inventory:

Hand Weapons
 a - a +0 shortbow (weapon)
Armour
 c - a +1 leather armour (worn)
Jewellery
 d - a ring of protection from cold (left hand)
 i - a ring of positive energy (right hand)
Scrolls
 b - a scroll of immolation
 f - a scroll of enchant armour
Potions
 e - a potion of berserk rage
 h - a potion of brilliance {unknown}
 k - a potion of flight {unknown}


   Skills:
 + Level 4.8 Fighting
 - Level 5.3 Ranged Weapons
 - Level 2.4 Dodging
 - Level 1.3 Stealth


You had 3 spell levels left.
You didn't know any spells.
Your spell library contained the following spells:

 Spells                   Type           Power      Damage    Failure   Level
 Foxfire                  Conj/Fire      0%         2x1d4     50%         1
 Necrotise                Necr           0%         1d4       50%         1
 Vampiric Draining        Necr           0%         2d6       86%         3
 Manifold Assault         Tloc           0%         N/A       99%         4
 Agony                    Necr           0%         N/A       100%        5
 Fireball                 Conj/Fire      0%         3d3       100%        5
 Dispersal                Tloc           0%         N/A       100%        6
 Starburst                Conj/Fire      0%         6d3       100%        6
 Disjunction              Tloc           0%         N/A       100%        8


Dungeon Overview and Level Annotations

Branches:
Dungeon (2/15)

Altars:


Innate Abilities, Weirdness & Mutations

You are small and have problems with some larger weapons.
You are completely attuned to the shadows.


Message History

No target in view!
No target in view!
Found 6 poisoned darts.
No target in view!
No target in view!
No target in view!
An endoplasm comes into view.
An endoplasm is nearby!
An endoplasm is nearby!
An endoplasm is nearby!
You shoot an arrow. The arrow hits the endoplasm.
The endoplasm quivers.
The endoplasm is almost dead.
An ogre comes into view. It is wielding a +0 giant club.
You shoot an arrow. The arrow hits the endoplasm!
You kill the endoplasm!
You shoot an arrow. The arrow closely misses the ogre.
An ogre is nearby!
You shoot an arrow. The arrow hits the ogre.
The ogre is lightly wounded.
The ogre hits you with a +0 giant club!
Ouch! That really hurt!
Okay, then.
Okay, then.
Okay, then.
As you read the scroll labelled SYWNERGH NEMA, it crumbles to dust.
The scroll dissolves into smoke.
It was a scroll of fog.
As you read the scroll labelled XEMOUR UNIS, it crumbles to dust.
It is a scroll of identify.
e - a potion of berserk rage The ogre barely misses you.
You are too injured to fight recklessly!
Fire: a) +0 shortbow
Press: ? - help, Q - select action Shift-Dir - straight line, f/p - ogre
Aim: an ogre, wielding a +0 giant club (grey smoke, lightly wounded, 79% to hit)
You shoot an arrow. The arrow hits the ogre!
The ogre is heavily wounded.
The ogre hits you with a +0 giant club!!
Ouch! That really hurt!
You die...

...+.....# #...................
...#.....###................##.
...#........####............#
...####.....# #............#
...# #.....# #....#.###...#
...####.....# ##.....
.##..........####§§...
.##...........§§§§§...
..............§§@O§.##
..............§§§§§.#
.....##.......§§§...# ...§....#
........#


You could see an ogre.

Vanquished Creatures
  4 adders (D:2)
  A worm (D:1)
  3 dart slugs (D:2)
  4 ball pythons
  3 bats
  2 endoplasms
  4 giant cockroaches
  A hobgoblin (D:2)
  A frilled lizard (D:1)
  3 goblins (D:2)
  2 kobolds
  2 rats (D:2)
30 creatures vanquished.

Notes
Turn   | Place    | Note
-------+----------+-------------------------------------------
     0 | D:1      | Newt the Kobold Hunter began the quest for the Orb.
     0 | D:1      | Reached XP level 1. HP: 12/12 MP: 1/1
   314 | D:1      | Reached XP level 2. HP: 18/18 MP: 2/2
  1089 | D:2      | Reached XP level 3. HP: 24/24 MP: 3/3
  1181 | D:2      | Reached XP level 4. HP: 26/30 MP: 4/4
  1540 | D:2      | Noticed an ogre
  1546 | D:2      | Demolished by an ogre

Illustrated notes

Levels and vault maps discovered:
D:1:      mrwooster_arrival_arrow, layout_basic,
          corexii_item_surrounded_by_moat,
          nicolae_concentric_dashed_squares_wild, minivault_14,
          nicolae_wormholes
D:2:      layout_basic

Skill      XL: |  1  2  3 |
---------------+----------+-----
Fighting       | 3 4 |  4.8
Ranged Weapons | |  5.3
Dodging        | |  2.4
Stealth        | |  1.3

Action                     |  1- 3 |  4- 6 || total
---------------------------+-------+-------++-------
   Fire: Shortbow          |    43 |    29 ||    72
    Use: Scroll            |     4 |     2 ||     6
 Armour: Leather armour    |     7 |     1 ||     8
  Dodge: Dodged            |    23 |    13 ||    36

Table legend: (Time is in decaauts)
 A = Elapsed time spent in this place.
 B = Non-inter-level travel time spent in this place.
 C = Inter-level travel time spent in this place.
 D = Time resting spent in this place.
 E = Time spent auto-exploring this place.
 F = Levels seen in this place.
 G = Mean time per level.
                   A        B        C        D        E       F      G
               +--------+--------+--------+--------+--------+-----+--------+
         Total |   1565 |   1546 |     19 |      0 |   1389 |   2 |  782.5 |
       Dungeon |   1565 |   1546 |     19 |      0 |   1389 |   2 |  782.5 |
               +--------+--------+--------+--------+--------+-----+--------+

Top non-repeatable levels by time:
     D:1: 1047 daAuts
     D:2: 517 daAuts
